AoeStats
← Shiro

Enclosed

503807519Analyzed
1v1 RM · 28d ago on Sep 2, 2026· 45m 10s· 2 players
Game mode
Random Map
Map size
Tiny (2 player)
Population
200
Speed
Normal
Resources
Standard
Victory
Conquest
Starting age
Dark Age
Ending age
Imperial Age
RankedLock teamsTeams togetherTeam positionsShared explorationLock speedFull tech treeHidden civsTurbo modeCheats
Victory
Defeat
🇫🇷 Vikings · France
794
+17
🇮🇳 Mongols · India
817
-17
El_Loco_M
4:57 Loom
10:46 Feudal Age
15:46 Fletching
16:01 Double-Bit Axe
16:33 Padded Archer Armor
21:56 Horse Collar
26:41 Castle Age
25:41 Stone Mining
27:22 Bodkin Arrow
27:46 Leather Archer Armor
27:58 Bow Saw
28:36 Squires
27:57 Pikeman
28:58 Heavy Plow
30:26 Gold Mining
30:30 Town Watch
30:52 Elite Skirmisher
34:16 Scale Mail Armor
34:27 Forging
35:28 Chain Mail Armor
35:54 Ballistics
36:26 Gold Shaft Mining
41:30 Imperial Age
40:14 Iron Casting
41:22 Chieftains
41:36 Capped Ram
43:40 Siege Ram
46:11 Plate Mail Armor
46:42 Blast Furnace
Shiro
6:04 Loom
9:58 Feudal Age
10:57 Man-at-Arms
13:09 Town Watch
13:31 Arson
14:53 Wheelbarrow
19:44 Double-Bit Axe
23:47 Castle Age
23:08 Fletching
23:28 Scale Barding Armor
23:11 Horse Collar
24:36 Husbandry
25:57 Forging
26:55 Bloodlines
26:48 Stone Mining
29:29 Hand Cart
31:39 Town Patrol
31:49 Gold Mining
34:23 Bow Saw
36:06 Elite Skirmisher
36:58 Fletching
37:08 Padded Archer Armor
43:37 Imperial Age
42:54 Heavy Plow
42:51 Bodkin Arrow
43:13 Leather Archer Armor
43:38 Iron Casting
43:40 Chain Barding Armor
Connection lost

Rejoining the realm…

Still unreachable

The connection could not be restored.

Session expired

The server has moved on; the page needs a fresh start.